 Dungeon Crawl Stone Soup version 0.29.1-1-gd02db6906a (webtiles) character file.

Game seed: 7479821211914231861

46 vvl the Trooper (level 3, -2/29 HPs)
             Began as a Merfolk Fighter on Sept 16, 2022.
             Slain by a worm (7 damage)
             ... on level 2 of the Dungeon.
             The game lasted 00:02:58 (1064 turns).

vvl the Trooper (Merfolk Fighter)                   Turns: 1064, Time: 00:02:59

Health: -2/29      AC:  5    Str: 16    XL:     3   Next: 66%
Magic:  4/4        EV: 11    Int:  9    God:
Gold:   42         SH:  4    Dex: 13    Spells: 3/3 levels left

rFire   . . .      SeeInvis .   a - +0 trident
rCold   . . .      Faith    .   c - +0 buckler
rNeg    . . .      Spirit   .   b - +0 leather armour
rPois   .          Reflect  .   (no helmet)
rElec   .          Harm     .   (no cloak)
rCorr   .          Rampage  .   o - +1 pair of gloves
Will    .....                   (no boots)
Stlth   +.........              h - amulet of the acrobat
HPRegen 0.09/turn               (no ring)
MPRegen 0.09/turn               (no ring)

@: no status effects
A: (nimble swimmer 2), mertail
a: no special abilities


You were on level 2 of the Dungeon.
You visited 1 branch of the dungeon, and saw 2 of its levels.

You collected 42 gold pieces.

Inventory:

Hand Weapons
 a - a +0 trident (weapon)
Armour
 b - a +0 leather armour (worn)
 c - a +0 buckler (worn)
 o - a +1 pair of gloves (worn)
Magical Staves
 l - a staff of poison
Jewellery
 h - an amulet of the acrobat (around neck)
Scrolls
 e - a scroll of enchant weapon {unknown}
 f - 4 scrolls of identify {unknown}
 i - a scroll of teleportation {unknown}
 j - a scroll of fear {unknown}
 k - a scroll of vulnerability {unknown}
 q - a scroll of immolation {unknown}
Potions
 d - 2 potions of might
 g - a potion of curing {unknown}
 m - a potion of lignification {unknown}
 n - a potion of cancellation {unknown}
 p - a potion of mutation {unknown}


   Skills:
 + Level 3.5 Fighting
 + Level 3.1 Polearms
 + Level 2.3 Armour
 + Level 1.2 Dodging
 + Level 3.1 Shields
 + Level 0.7 Spellcasting
 + Level 0.5 Conjurations
 + Level 1.0 Ice Magic
 + Level 0.9 Poison Magic


You had 3 spell levels left.
You didn't know any spells.
Your spell library contained the following spells:

 Spells                   Type           Power      Damage    Failure   Level
 Sting                    Tmut/Pois      4%         1d3       45%         1
 Summon Small Mammal      Summ           0%         N/A       52%         1
 Poisonous Vapours        Pois/Air       2%         N/A       61%         2
 Call Canine Familiar     Summ           0%         N/A       88%         3
 Summon Guardian Golem    Hex/Summ       0%         N/A       88%         3
 Olgreb's Toxic Radiance  Pois           1%         N/A       99%         4


Dungeon Overview and Level Annotations

Branches:
Dungeon (2/15)

Altars:


Innate Abilities, Weirdness & Mutations

((You are very nimble when in or above water. (Stealth+, EV+, Speed+++)))
Your lower body shifts to a powerful aquatic tail in water.


Message History

The bat is severely wounded.
The bat misses you. You block the bat's attack.
Reach: a) +0 trident
Press: ? - help, Dir - move target, f - bat
Aim: a bat (severely wounded, about 58% to evade your +0 trident)
You reach to attack!
You miss the bat.
The bat is severely wounded.
The bat closely misses you. The bat completely misses you.
You barely miss the bat.
The bat is severely wounded.
The bat completely misses you.
You barely miss the bat. The bat hits you but does no damage.
You block the bat's attack.
You hit the bat.
You kill the bat!
A worm comes into view.
You see here a bat corpse.
You start resting.
A worm is nearby!
A worm is nearby!
A worm is nearby!
You are too injured to fight recklessly!
You are too injured to fight recklessly!
You are too injured to fight recklessly!
You are too injured to fight recklessly!
You are too injured to fight recklessly!
You barely miss the worm. You block the worm's attack.
You hit the worm.
The worm is moderately wounded.
The worm bites you.
* * * LOW HITPOINT WARNING * * *
You barely miss the worm.
The worm is moderately wounded.
You block the worm's attack.
You hit the worm.
The worm is heavily wounded.
You hit the worm.
The worm is heavily wounded.
The worm bites you!
You die...

...#...)........#.......##.#
#.......#....# ##.#####.##.#
...........$.# #.........#.#
....####.†...# #.........#.#
##. #.....# #.........#.#
#..####.....# ##'#####.##
#...........# #.# #.#
#.####..########.# #.#
#.....w@.....# #..
#..#.######### .# #....#
......... ....###### .....
..### ##


You could see a worm.

Vanquished Creatures
  2 dart slugs (D:1)
  A worm (D:2)
  4 bats
  7 endoplasms
  2 giant cockroaches
  3 goblins (D:1)
  5 hobgoblins
  2 kobolds
  5 ball pythons
  5 rats
36 creatures vanquished.

Notes
Turn   | Place    | Note
-------+----------+-------------------------------------------
     0 | D:1      | vvl the Merfolk Fighter began the quest for the Orb.
     0 | D:1      | Reached XP level 1. HP: 18/18 MP: 1/1
   120 | D:1      | Reached XP level 2. HP: 17/24 MP: 2/2
   387 | D:1      | Reached skill level 1 in Dodging
   397 | D:1      | Reached XP level 3. HP: 27/29 MP: 3/3
   986 | D:2      | Reached skill level 1 in Ice Magic
  1064 | D:2      | Slain by a worm

Illustrated notes

Levels and vault maps discovered:
D:1:      roderic_crossed_star, layout_loops_ring, minmay_pentomino_p2
D:2:      layout_basic, minmay_increasing_density, uniq_jessica

Skill      XL: |  1  2  3 |
---------------+----------+-----
Dodging        | 1 |  1.2
Polearms       | 3 |  3.1
Ice Magic      | 1 |  1.0
Fighting       | |  3.5
Armour         | |  2.3
Shields        | |  3.1
Spellcasting   | |  0.7
Conjurations   | |  0.5
Poison Magic   | |  0.9

Action                   || total
-------------------------++-------
Melee: Trident           ||   122
Armor: Scale mail        ||     5
       Leather armour    ||    22
Dodge: Dodged            ||    54
Block: Buckler           ||    19
